 Dungeon Crawl Stone Soup version 0.18.1-48-g4cf74bf (webtiles) character file.

566 nikopol the Poker (level 7, -2/62 HPs)
             Began as a Minotaur Berserker on July 9, 2016.
             Was an Elder of Trog.
             Slain by a killer bee (8 damage)
             ... on level 4 of the Dungeon.
             The game lasted 00:09:37 (3257 turns).

nikopol the Poker (Minotaur Berserker)              Turns: 3257, Time: 00:09:37

Health: -2/62      AC:  4    Str: 24    XL:     7   Next: 10%
Magic:  6/6        EV: 13    Int:  4    God:    Trog [****..]
Gold:   154        SH:  0    Dex: 11    Spells: 0 memorised, 6 levels left

rFire  . . .     SeeInvis .     x - +0 spear
rCold  . . .     Gourm    .     E - +0 leather armour (curse)
rNeg   . . .     Faith    .     (no shield)
rPois  .         Spirit   .     (helmet restricted)
rElec  .         Dismiss  .     (no cloak)
rCorr  .         Reflect  .     y - +0 pair of gloves
SustAt .         Harm     .     (no boots)
MR     .....                    (no amulet)
Stlth  +.........               (no ring)
                                n - +2 ring of strength

@: lethally poisoned (-2 -> -27), not resistant to hostile enchantments, very
unstealthy
A: retaliatory headbutt, horns 2
a: Berserk, Trog's Hand, Brothers in Arms, Burn Spellbooks, Renounce Religion


You were on level 4 of the Dungeon.
You worshipped Trog.
Trog was greatly pleased with you.
You were not hungry.

You visited 1 branch of the dungeon, and saw 4 of its levels.

You collected 154 gold pieces.

Inventory:

Hand Weapons
 c - a +0 shortbow
 x - a +0 spear (weapon)
Missiles
 e - 104 arrows (quivered)
Armour
 b - a +0 animal skin
 f - a +0 chain mail
 y - a +0 pair of gloves (worn)
 E - a cursed +0 leather armour (worn)
Jewellery
 n - a +2 ring of strength (left hand)
Scrolls
 i - 2 scrolls of noise {unknown}
 m - 3 scrolls of fog {unknown}
 p - a scroll of enchant armour {unknown}
 r - 2 scrolls of identify {unknown}
 s - a scroll of teleportation {unknown}
 u - a scroll of amnesia {unknown}
 v - 2 scrolls of remove curse {unknown}
 w - a scroll of recharging {unknown}
 B - a scroll of magic mapping {unknown}
Potions
 a - a potion of brilliance {unknown}
 h - a potion of resistance {unknown}
 j - a potion of mutation {unknown}
 k - a potion of curing {unknown}
 q - a potion of cancellation {unknown}
 t - a potion of haste {unknown}
 A - a potion of cure mutation {unknown}
 C - a potion of degeneration {unknown}
 D - a potion of lignification {unknown}
Comestibles
 d - a slice of pizza
 g - a royal jelly
 o - 2 meat rations
 z - 4 fruits
 F - 3 bread rations


   Skills:
 + Level 5.8 Fighting
 * Level 6.0 Polearms
 * Level 0.2 Bows
 + Level 5.0 Armour
 + Level 4.3 Dodging


You had 6 spell levels left.
You didn't know any spells.

Dungeon Overview and Level Annotations

Branches:
Dungeon (4/15)
 Temple: D:4-7

Altars:
Elyvilon
Fedhas
The Shining One


Innate Abilities, Weirdness & Mutations

You reflexively headbutt those who attack you in melee.
You have a pair of horns on your head.


Message History

You miss the killer bee.
The killer bee is heavily wounded.
* * * LOW HITPOINT WARNING * * *
You feel sick. The killer bee stings you.
* * * LOW HITPOINT WARNING * * *
The killer bee stings you.
* * * LOW HITPOINT WARNING * * *
You are more poisoned.
The killer bee poisons you!
You closely miss the killer bee. Your headbutt misses the killer bee.
The killer bee is heavily wounded.
* * * LOW HITPOINT WARNING * * *
You feel sick. The killer bee closely misses you.
You miss the killer bee.
The killer bee is heavily wounded.
* * * LOW HITPOINT WARNING * * *
You feel sick. The killer bee stings you.
* * * LOW HITPOINT WARNING * * *
The killer bee stings you!
You die...

############# # #...........##
# #............# #
#............#### #
#............#..#
######....##..###.#..#
#.............# #.#<.#
#.####...###.####.##.# #.#
#.........y@.##.#
#.####...##.########.#
..............>#####.#
#.####..y##.#..(.....##
............#.........#####
#####.....###...#.........####
..........#.#...#.#.#........#
######......#...#.#.#.###.#.##
#....#.#...#.#.#.# #.#.#


You could see a killer bee.

Vanquished Creatures
  A centaur (D:4)
  2 scorpions (D:4)
  A hound (D:4)
  A giant frog skeleton (D:4)
  3 orc wizards
  A worker ant (D:4)
  Robin (D:4)
  4 gnolls (D:3)
  6 adders
  4 worms (D:2)
  A dart slug (D:1)
  4 giant geckos
  5 orcs
  7 bats
  2 giant cockroaches
  14 goblins
  14 hobgoblins
  8 jackals
  3 ball pythons
  5 giant newts
  A jackal skeleton (D:4)
  8 kobolds
  A quokka skeleton (D:4)
  8 rats
105 creatures vanquished.

Notes
Turn   | Place    | Note
--------------------------------------------------------------
     0 | D:1      | nikopol the Minotaur Berserker began the quest for the Orb.
     0 | D:1      | Reached XP level 1. HP: 19/19 MP: 0/0
    63 | D:1      | Reached XP level 2. HP: 27/27 MP: 1/1
   192 | D:1      | Reached skill level 4 in Polearms
   245 | D:1      | Reached ** piety under Trog
   376 | D:2      | Reached XP level 3. HP: 33/33 MP: 2/2
   699 | D:2      | Found a blossoming altar of Fedhas.
   773 | D:2      | Reached XP level 4. HP: 39/41 MP: 3/3
   986 | D:2      | Found a glowing golden altar of the Shining One.
  1458 | D:3      | Reached XP level 5. HP: 47/47 MP: 4/4
  1543 | D:3      | Reached *** piety under Trog
  1574 | D:3      | Reached skill level 5 in Polearms
  1580 | D:3      | Reached skill level 5 in Fighting
  1977 | D:3      | Found a white marble altar of Elyvilon.
  2500 | D:4      | Reached XP level 6. HP: 53/56 MP: 5/5
  2608 | D:4      | Noticed Robin
  2616 | D:4      | Killed Robin
  2709 | D:4      | Reached **** piety under Trog
  2879 | D:4      | Reached skill level 6 in Polearms
  2879 | D:4      | Reached skill level 5 in Armour
  2879 | D:4      | Reached XP level 7. HP: 10/62 MP: 6/6
  3007 | D:4      | HP: 3/62 [poisoned by a worker ant]
  3014 | D:4      | HP: 3/62 [poisoned by a worker ant]
  3022 | D:4      | HP: 2/62 [poisoned by a worker ant]
  3257 | D:4      | Slain by a killer bee

Skill      XL: |  1  2  3  4  5  6 |
---------------+-------------------+-----
Fighting       | 4 5 |  5.8
Polearms       | 4 5 6 |  6.0
Armour         | 3 4 5 |  5.0
Dodging        | 3 4 |  4.3
Bows           | |  0.2

Action                   |  1- 3 |  4- 6 |  7- 9 || total
-------------------------+-------+-------+-------++-------
Melee: Spear             |   105 |   204 |    20 ||   329
       Headbutt          |    11 |    43 |     1 ||    55
 Fire: Shortbow          |       |       |     1 ||     1
Invok: Berserk           |       |     3 |       ||     3
  Eat: Chunk             |       |     8 |     1 ||     9
       Beef jerky        |       |     1 |       ||     1
Armor: Chain mail        |    55 |    76 |       ||   131
       Leather armour    |       |     4 |     5 ||     9
Dodge: Dodged            |    42 |    56 |     4 ||   102
